 Dungeon Crawl Stone Soup version 0.30-a0-881-g1ff12e1e11 (console) character file.

Game seed: 13194311666284285731

718 petzl the Magician (level 8, -3/52 (58) HPs)
             Began as a Formicid Delver on Mar 14, 2023.
             Was an Initiate of Vehumet.
             Slain by a wight
             ... wielding a +3 battleaxe of freezing
              (16 damage)
             ... on level 8 of the Dungeon.
             The game lasted 00:17:35 (4689 turns).

petzl the Magician (Formicid Delver)                Turns: 4689, Time: 00:17:35

HP:   -3/52 (58)    AC:  4    Str: 17    XL:     8   Next: 1%
MP:   19/19         EV: 11    Int: 12    God:    Vehumet [......]
Gold: 140           SH:  5    Dex: 15    Spells: 21/21 levels left

rFire   . . .      SeeInvis +    i - +0 war axe (heavy) {!f =f}
rCold   . . .      Faith    .    j - +0 buckler
rNeg    . . .      Spirit   .    b - +0 leather armour
rPois   .          Reflect  .    (helmet unavailable)
rElec   .          Rampage  .    (no cloak)
rCorr   .                        (no gloves)
Will    .....                    a - +0 pair of boots
Stlth   +++                      (no amulet)
HPRegen 0.28/turn                (no ring)
MPRegen 0.16/turn                (no ring)

@: heavily drained
A: permanent stasis, dig shafts and tunnels, antennae 3, four strong arms
a: Dig, Shaft Self, Renounce Religion


You were on level 8 of the Dungeon.
You worshipped Vehumet.
Vehumet was noncommittal.
You visited 2 branches of the dungeon, and saw 9 of its levels.

You collected 140 gold pieces.

Inventory:

Hand Weapons
 i - a +0 heavy war axe (weapon) {!f =f}
 n - a +4 dagger {!f =f}
 t - a +1 short sword of freezing
 y - a +4 flail
Missiles
 g - 21 stones (quivered)
 w - 6 javelins
Armour
 a - a +0 pair of boots (worn)
 b - a +0 leather armour (worn)
 j - a +0 buckler (worn)
Magical Staves
 v - a staff of fire
Wands
 f - a wand of digging (3)
 h - a wand of acid (4)
 p - a wand of roots (1)
Scrolls
 c - 2 scrolls of fog
 d - a scroll of magic mapping
 e - a scroll of immolation
 k - a scroll of amnesia
 l - a scroll of vulnerability
 m - 3 scrolls of noise {unknown}
 o - 3 scrolls of enchant armour
 r - a scroll of identify
 u - a scroll of poison
Potions
 q - a potion of heal wounds {unknown}
 s - a potion of lignification {unknown}
 x - 2 potions of might {unknown}
 z - a potion of ambrosia {unknown}


   Skills:
 - Level 3.2 Fighting
 - Level 2.0 Maces & Flails
 - Level 1.7 Dodging
 - Level 6.0 Stealth
 - Level 4.0 Shields
 + Level 7.4 Spellcasting


You had 21 spell levels left.
You didn't know any spells.
Your spell library contained the following spells:

 Spells                   Type           Power      Damage    Failure   Level
 Call Canine Familiar     Summ           4%         N/A       56%         3
 Portal Projectile        Hex/Tloc       8%         N/A       56%         3
 Leda's Liquefaction      Hex/Erth       2%         N/A       93%         4
 Summon Ice Beast         Ice/Summ       4%         N/A       93%         4
 Summon Mana Viper        Hex/Summ       4%         N/A       100%        5
 Monstrous Menagerie      Summ           2%         N/A       100%        7


Dungeon Overview and Level Annotations

Branches:
Dungeon (8/15)             Temple (1/1) D:6
   Lair: D:8-11

Altars:
Cheibriados
Elyvilon
Gozag
Hepliaklqana
Makhleb
Okawaru
Qazlal
Ru
Uskayaw
Vehumet
Wu Jian
Yredelemnul
Zin
The Shining One

Shops:
D:3 (   D:7 :

Annotations:
D:3 exclusion: 2 downstairs, Ijyb
D:4 exclusion: black bear
D:5 exclusion: 2 downstairs
D:7 3 runed translucent doors, exclusion: black bear


Innate Abilities, Weirdness & Mutations

You cannot be hasted, slowed, berserked, paralysed or teleported.
You can dig through walls and to a lower floor.
You have a pair of large antennae on your head. (SInv)
Your four strong arms can wield two-handed weapons with a shield.


Message History

You have reached level 8!
You feel clever.
Things that are here:
a +2 mace; a +0 robe
There is a stone staircase leading up, spattered with blood here.
Items here: )) [[.
y - a +4 flail
There is a stone staircase leading up, spattered with blood here.
Unknown command.
Unknown command.
Unknown command.
Unknown command.
Unknown command.
Unknown command.
Unknown command.
You climb upwards.
Level annotation: 3 runed translucent doors, exclusion: black bear The wight hits you with a +3 battleaxe of freezing.
You feel drained. The wight freezes you. You block the wight's attack.
There is a stone staircase leading down, spattered with blood here.
Unknown command.
The wight hits you with a +3 battleaxe of freezing!
The wight freezes you.
You climb downwards.
There is a stone staircase leading up, spattered with blood here.
You barely miss the wight.
The wight hits you with a +3 battleaxe of freezing!
* * * LOW HITPOINT WARNING * * *
You feel drained.
* * * LOW HITPOINT WARNING * * *
The wight freezes you.
* * * LOW HITPOINT WARNING * * *
The wight barely misses you.
Aiming: Corrosive Bolt
Press: ? - help, Shift-Dir - straight line, f - wight
Aim: a wight, wielding a +3 battleaxe of freezing and wearing a +0 robe (71% to hit)
The bolt of acid hits the wight!
The acid corrodes the wight!
The wight is severely damaged.
The wight hits you with a +3 battleaxe of freezing!
You die...

### ###### ##########.#####
.....####..............## #
..###..............[))..#....
#.......####........@z.....#
...###### ##...............#
#### #................#
#.<..............#
#................#
#................##
#................# #
##...............# #
##........ # ##....... #
#...... #


You could see a wight (corroded).

Vanquished Creatures
  An orc warrior (D:7)
  A kobold brigand (D:5)
  A gnoll sergeant (D:8)
  2 wights (D:8)
  2 orc priests (D:7)
  A hound (D:5)
  A sleepcap (D:7)
  An iguana (D:6)
  Natasha (thrice) (D:3)
  4 gnolls
  3 adders
  A white imp (D:7)
  A worm (D:2)
  2 dart slugs (D:3)
  7 orcs (D:7)
  6 bats
  7 endoplasms
  5 giant cockroaches
  6 goblins
  6 hobgoblins
  2 jackals (D:1)
  3 quokkas
  8 ball pythons
  6 frilled lizards
  27 kobolds
  4 rats
  2 bushes (D:2)
113 creatures vanquished.

Vanquished Creatures (others)
  22 plants
22 creatures vanquished.

Grand Total: 135 creatures vanquished

Notes
Turn   | Place    | Note
-------+----------+-------------------------------------------
     0 | D:5      | petzl the Formicid Delver began the quest for the Orb.
     0 | D:5      | Reached XP level 1. HP: 18/18 MP: 1/1
     4 | D:6      | Noticed an iguana
    24 | D:5      | Found a burning altar of Makhleb.
    61 | D:4      | Reached skill level 1 in Spellcasting
    61 | D:4      | Reached XP level 2. HP: 21/24 MP: 1/4
   225 | D:3      | Found Cuawk's Antique Weapon Shop.
   280 | D:3      | Noticed Ijyb
   445 | D:3      | Reached skill level 2 in Spellcasting
   625 | D:2      | Reached skill level 1 in Shields
   625 | D:2      | Reached XP level 3. HP: 29/29 MP: 6/6
  1442 | D:1      | Reached XP level 4. HP: 32/35 MP: 7/7
  2228 | D:3      | Noticed Natasha
  2400 | D:3      | Killed Natasha
  2401 | D:3      | Reached skill level 3 in Spellcasting
  2481 | D:3      | Reached XP level 5. HP: 40/41 MP: 9/9
  2481 | D:3      | Noticed Natasha
  2646 | D:4      | Noticed a black bear
  2665 | D:4      | Noticed an ogre
  2701 | D:3      | Killed Natasha
  3093 | D:3      | Found an ornate altar of the Wu Jian Council.
  3272 | D:3      | Noticed Natasha
  3300 | D:3      | Killed Natasha
  3321 | D:3      | Reached skill level 4 in Spellcasting
  3461 | D:5      | Reached XP level 6. HP: 47/47 MP: 12/12
  3508 | D:5      | Reached skill level 5 in Spellcasting
  3528 | D:5      | You fall into a shaft and drop 1 floor!
  3668 | D:6      | Found a staircase to the Ecumenical Temple.
  3691 | Temple   | Entered the Ecumenical Temple
  3720 | Temple   | Became a worshipper of Vehumet
  3769 | D:6      | HP: 1/46 [gnoll/+0 spear[a gnoll sergeant] (5)]
  3770 | D:6      | You fall into a shaft and drop 2 floors!
  4027 | D:7      | Found Pouquim's Book Boutique.
  4027 | D:7      | Noticed a black bear
  4163 | D:7      | Reached XP level 7. HP: 52/52 MP: 15/15
  4242 | D:8      | Reached skill level 6 in Spellcasting
  4327 | D:7      | Found a runed translucent gate.
  4327 | D:7      | Found a runed translucent gate.
  4328 | D:7      | Found a runed translucent gate.
  4412 | D:7      | Reached skill level 7 in Spellcasting
  4679 | D:8      | Reached XP level 8. HP: 52/56 MP: 19/19
  4689 | D:8      | Slain by a wight

Illustrated notes

Levels and vault maps discovered:
D:1:      dpeg_arrival_renting, layout_loops_ring
D:2:      layout_loops_ring, lexackson_kobold_supper
D:3:      minmay_recursive_quarters, layout_loops_ring,
          mainiacjoe_overflow_concentric_impassable, serial_shops,
          nicolae_shop_behind_doors, uniq_natasha, uniq_ijyb
D:4:      layout_loops_corners, kennysheep_mini, gammafunk_ghost_nasty_kobolds,
          uniq_pikel
D:5:      kennysheep_kobold_camp, layout_basic, amcnicky_altar_gilded,
          overflow_temple_1_default, hangedman_decor_lopped, lightli_minifort,
          uniq_prince_ribbit1, uniq_crazy_yiuf_cottage
D:6:      layout_rooms, mainiacjoe_overflow_tiny_flanked,
          grunt_dithmenos_smoke_and_mirrors, minmay_temple_entry_ruins
D:7:      layout_basic, ebering_ghost_rock_garden, serial_shops,
          nicolae_shop_behind_doors, shop, nicolae_shop_stone
D:8:      lemuel_bear_cage, layout_cave_pods, nicolae_sif_muna_condensation,
          erik_lair_orcish_takeover, uniq_maggie, uniq_gastronok, uniq_psyche
Temple:   hellmonk_temple_two_chambers

Skill      XL: |  1  2  3  4  5  6  7 |
---------------+----------------------+-----
Spellcasting   | 1 2 3 4 5 7 |  7.4
Shields        | 1 2 3 4 |  4.0
Fighting       | |  3.2
Maces & Flails | |  2.0
Dodging        | |  1.7
Stealth        | |  6.0

Action                     |  1- 3 |  4- 6 |  7- 9 || total
---------------------------+-------+-------+-------++-------
  Melee: Mace              |    13 |       |       ||    13
         War axe           |    53 |   150 |    26 ||   229
  Throw: Stone             |       |     8 |     6 ||    14
Ability: Dig               |       |     2 |       ||     2
         Shaft Self        |       |     2 |       ||     2
  Evoke: Wand              |       |     2 |     5 ||     7
    Use: Scroll            |       |     5 |     2 ||     7
   Stab: Sleeping          |    11 |     6 |       ||    17
         Distracted        |       |     2 |       ||     2
 Armour: Leather armour    |    19 |    32 |     3 ||    54
  Dodge: Dodged            |    50 |    93 |    23 ||   166
  Block: Buckler           |    10 |    42 |    12 ||    64

Table legend: (Time is in decaauts)
 A = Elapsed time spent in this place.
 B = Non-inter-level travel time spent in this place.
 C = Inter-level travel time spent in this place.
 D = Time resting spent in this place.
 E = Time spent auto-exploring this place.
 F = Levels seen in this place.
 G = Mean time per level.
                   A        B        C        D        E       F      G
               +--------+--------+--------+--------+--------+-----+--------+
         Total |   4982 |   4813 |    169 |   1253 |   1928 |   9 |  553.6 |
       Dungeon |   4946 |   4784 |    162 |   1253 |   1909 |   8 |  618.2 |
        Temple |     35 |     28 |      7 |      0 |     19 |   1 |   35.0 |
               +--------+--------+--------+--------+--------+-----+--------+

Top non-repeatable levels by time:
     D:3: 1353 daAuts
     D:2: 930 daAuts
     D:1: 821 daAuts
     D:8: 587 daAuts
     D:4: 528 daAuts
     D:7: 388 daAuts
     D:6: 214 daAuts
     D:5: 121 daAuts
  Temple: 35 daAuts
